 Dungeon Crawl Stone Soup version 0.21.1-74-g47da925 (webtiles) character file.

119 wojtek the Chopper (level 4, -2/35 HPs)
             Began as a Demonspawn Fighter on Aug 9, 2018.
             Slain by Crazy Yiuf
             ... wielding a +3 quarterstaff of chaos
              (5 damage)
             ... on level 3 of the Dungeon.
             The game lasted 00:02:22 (2701 turns).

wojtek the Chopper (Demonspawn Fighter)             Turns: 2701, Time: 00:02:22

Health: -2/35      AC:  7    Str: 17    XL:     4   Next: 74%
Magic:  4/4        EV:  7    Int: 10    God:
Gold:   170        SH:  8    Dex: 12    Spells: 3/3 levels left

rFire    . . .     SeeInvis .   a - +0 war axe
rCold    . . .     Gourm    .   c - +0 shield
rNeg     + . .     Faith    .   b - +0 scale mail
rPois    .         Spirit   .   o - +0 helmet
rElec    .         Reflect  .   (no cloak)
rCorr    +         Harm     .   (no gloves)
MR       .....                  (no boots)
Stlth    ..........             (no amulet)
HPRegen  0.11/turn              h - ring of resist corrosion
MPRegen  0.09/turn              l - ring of positive energy

@: lethally poisoned (-2 -> -14)
A: hooves 2
a: no special abilities


You were on level 3 of the Dungeon.
You were not hungry.

You visited 1 branch of the dungeon, and saw 3 of its levels.

You collected 170 gold pieces.

Inventory:

Hand Weapons
 a - a +0 war axe (weapon)
Armour
 b - a +0 scale mail (worn)
 c - a +0 shield (worn)
 o - a +0 helmet (worn)
 v - a +0 leather armour of cold resistance
Jewellery
 h - a ring of resist corrosion (left hand)
 l - a ring of positive energy (right hand)
Wands
 m - a wand of paralysis (11)
Scrolls
 e - a scroll of identify {unknown}
 p - 4 scrolls of remove curse {unknown}
 q - a scroll of teleportation {unknown}
 s - 2 scrolls of amnesia {unknown}
 u - a scroll of immolation {unknown}
 w - a scroll of random uselessness {unknown}
Potions
 d - a potion of might
 g - a potion of curing {unknown}
 i - 2 potions of haste {unknown}
 j - a potion of degeneration {unknown}
 n - 2 potions of heal wounds {unknown}
 r - a potion of lignification {unknown}
 t - 2 potions of agility {unknown}
Comestibles
 f - 4 rations
 k - 6 chunks of flesh


   Skills:
 + Level 3.1 Fighting
 + Level 4.3 Axes
 + Level 2.7 Armour
 + Level 0.3 Dodging
 + Level 2.7 Shields


You had 3 spell levels left.
You didn't know any spells.

Dungeon Overview and Level Annotations

Branches:
Dungeon (3/15)

Altars:
Uskayaw
Yredelemnul

Annotations:
D:3 Crazy Yiuf


Innate Abilities, Weirdness & Mutations

You have hoof-like feet.


Message History

You are electrocuted!
* * * LOW HITPOINT WARNING * * *
You hit Crazy Yiuf but do no damage.
Crazy Yiuf is lightly wounded.
You block Crazy Yiuf's attack.
You hit Crazy Yiuf. Your kick misses Crazy Yiuf.
Crazy Yiuf is lightly wounded.
Crazy Yiuf barely misses you.
You hit Crazy Yiuf but do no damage.
Crazy Yiuf is lightly wounded.
You block Crazy Yiuf's attack.
You hit Crazy Yiuf.
Crazy Yiuf is moderately wounded.
Crazy Yiuf hits you with a quarterstaff of chaos.
* * * LOW HITPOINT WARNING * * *
You are lethally poisoned!
Crazy Yiuf hits you with a quarterstaff of chaos.
* * * LOW HITPOINT WARNING * * *
You convulse.
You die...

#..#..##...#######.##.#.#
#. #####.....#.....#
#.##.#.# #.
........#.#######
#.##...# #. .####.....#
#.###..# #. .# #######
##### #......# #. .#
#)..# #####.## #. .#
#...# #.# ## .######
#.g.# ##.## ...)..# ###
#@# ###...## ###.#.# ##.#
#.## ##......#
##....###..# ##.#
#.......#### #.......'..#
#.## #.....(...(.
##....###..# ##.#
#.(....##### ##.#.# ##.#
##.## ##.##.## #. ###.#
### ##...# ####.# ## #.#
#....# #.# # #####.#
#....# #####.#


You could see Crazy Yiuf.

Vanquished Creatures
  A worker ant (D:2)
  Robin (D:2)
  An adder (D:3)
  A worm (D:3)
  3 dart slugs
  2 leopard geckos
  An orc (D:3)
  2 giant cockroaches
  9 goblins
  11 hobgoblins
  4 jackals (D:1)
  2 ball pythons (D:3)
  5 bats
  3 frilled lizards
  7 kobolds
  9 rats
62 creatures vanquished.

Notes
Turn   | Place    | Note
-------+----------+-------------------------------------------
     0 | D:1      | wojtek the Demonspawn Fighter began the quest for the Orb.
     0 | D:1      | Reached XP level 1. HP: 18/18 MP: 1/1
     5 | D:1      | Reached skill level 2 in Axes
   198 | D:1      | Gained mutation: You have large cloven feet. [demonic ancestry]
   198 | D:1      | Reached XP level 2. HP: 24/24 MP: 2/2
   239 | D:1      | Reached skill level 3 in Axes
   483 | D:1      | Reached XP level 3. HP: 9/29 MP: 3/3
   733 | D:1      | You fall through a shaft!
  1125 | D:2      | Noticed Robin
  1130 | D:2      | Gained mutation: You have hoof-like feet. [demonic ancestry]
  1130 | D:2      | Reached XP level 4. HP: 30/35 MP: 4/4
  1132 | D:2      | Reached skill level 4 in Axes
  1135 | D:2      | Killed Robin
  1875 | D:2      | You fall through a shaft!
  2197 | D:3      | Found a basalt altar of Yredelemnul.
  2197 | D:3      | Found a hide-covered altar of Uskayaw.
  2691 | D:3      | Found a runed door.
  2695 | D:3      | Noticed Crazy Yiuf
  2701 | D:3      | Slain by Crazy Yiuf

Skill      XL: |  1  2  3  4 |
---------------+-------------+-----
Axes           | 2 3 4 |  4.3
Fighting       | |  3.1
Armour         | |  2.7
Dodging        | |  0.3
Shields        | |  2.7

Action                   |  1- 3 |  4- 6 || total
-------------------------+-------+-------++-------
Melee: War axe           |    78 |    69 ||   147
       Kick              |    11 |    12 ||    23
  Eat: Chunk             |     1 |     5 ||     6
Armor: Scale mail        |    32 |    34 ||    66
Dodge: Dodged            |    27 |    26 ||    53
Block: Shield            |    49 |    39 ||    88
